 Dungeon Crawl Stone Soup version 0.30.0-29-ga12c61a403 (webtiles) character file.

Game seed: 15944673431663800187

59 croobank the Firebug (level 3, 0/26 HPs)
             Began as a Demonspawn Fire Elementalist on June 5, 2023.
             Was an Initiate of Gozag.
             Succumbed to an adder's poison
             ... on level 3 of the Dungeon.
             The game lasted 00:06:44 (1610 turns).

croobank the Firebug (Demonspawn Fire Elementalist) Turns: 1610, Time: 00:06:45

Health: 0/26       AC:  2    Str:  8    XL:     3   Next: 78%
Magic:  0/6        EV: 12    Int: 18    God:    Gozag
Gold:   80         SH:  0    Dex: 13    Spells: 3/6 levels left

rFire   . . .        g - +0 short sword
rCold   . . .        (no shield)
rNeg    . . .        a - +0 robe
rPois   .            (no helmet)
rElec   .            (no cloak)
rCorr   .            (no gloves)
SInv    .            (no boots)
Will    .....        (no amulet)
Stlth   +            (no ring)
HPRegen 0.24/turn    (no ring)
MPRegen 0.10/turn

%: no passive effects
@: confused, mighty, lethally poisoned (0 -> -4)
A: powered by pain 1
a: Renounce Religion, Potion Petition, Call Merchant, Bribe Branch


You were on level 3 of the Dungeon.
You worshipped Gozag.
Gozag was noncommittal.
You visited 1 branch of the dungeon, and saw 3 of its levels.

You collected 111 gold pieces.
You paid 31 gold pieces to Gozag.

Inventory:

Hand Weapons
 e - a +0 hand axe
 f - a +0 mace
 g - a +0 short sword (weapon)
 i - a +1 antimagic quarterstaff
Armour
 a - a +0 robe (worn)
 c - an orb of guile
 d - a +1 leather armour
Scrolls
 j - a scroll of immolation {unknown}


   Skills:
 + Level 1.0 Fighting
 + Level 2.2 Dodging
 + Level 2.3 Stealth
 + Level 2.3 Spellcasting
 + Level 1.7 Conjurations
 + Level 3.0 Fire Magic


You had 3 spell levels left.
You knew the following spells:

 Your Spells              Type           Power      Damage    Failure   Level
a - Foxfire               Conj/Fire      40%        2x1d6     7%          1
b - Scorch                Fire           26%        2d6       8%          2

Your spell library contained the following spells:

 Spells                   Type           Power      Damage    Failure   Level
 Inner Flame              Hex/Fire       7%         N/A       28%         3
 Volatile Blastmotes      Fire/Tloc      14%        2d11      28%         3
 Flame Wave               Conj/Fire      10%        2d6       54%         4


Dungeon Overview and Level Annotations

Branches:
Dungeon (3/15)

Altars:
Ashenzari
Gozag

Shops:
D:1 [!(


Innate Abilities, Weirdness & Mutations

You sometimes gain a little power by taking damage.


Message History

The adder barely misses you. The adder misses you.
You barely miss the adder.
The adder is lightly wounded.
The bat misses you. The adder closely misses you.
You barely miss the adder.
The adder is lightly wounded.
The bat barely misses you. The adder bites you.
Casting: Scorch (safe; 8% risk of failure)
Confirm with . or Enter, or press ? or * to list all spells.
Flames lash the bat.
You kill the bat!
The adder closely misses you.
You puncture the adder!
The adder is almost dead.
The adder bites you.
You are poisoned.
The adder poisons you! The adder bites you.
You are lethally poisoned!
The adder poisons you!
You aren't carrying any potions.
You puncture the adder!
You kill the adder!
* * * LOW HITPOINT WARNING * * *
You feel very sick. The orc wizard casts a spell at you.
You are confused.
You bump into the crystal wall.
* * * LOW HITPOINT WARNING * * *
You feel sick.
You aren't carrying any potions.
You puncture the orc wizard!
The orc wizard is almost dead.
* * * LOW HITPOINT WARNING * * *
You feel sick.
Okay, then.
* * * LOW HITPOINT WARNING * * *
You feel sick.
You bump into the crystal wall.
You die...
Your body crumbles into a pile of gold.

##.#....o....)..#
...
.......$#########
........#
........##
.........###
.........o.#
.......###o###
..#....#$.o..#
..#....#.#@###
#....#.._..#
#....###.#.# .
####.#†....# .#
###.#######.#
#..#......#
##........#
###......#
##......#


You could see an orc wizard and 2 orcs.

Vanquished Creatures
  3 adders
  2 dart slugs (D:1)
  An orc (D:3)
  2 endoplasms (D:1)
  A giant cockroach (D:1)
  A goblin (D:1)
  5 hobgoblins
  2 quokkas (D:1)
  2 ball pythons
  2 bats
  3 frilled lizards
  2 kobolds (D:1)
  A rat (D:1)
27 creatures vanquished.

Vanquished Creatures (others)
  62 foxfires
62 creatures vanquished.

Grand Total: 89 creatures vanquished

Notes
Turn   | Place    | Note
-------+----------+-------------------------------------------
     0 | D:1      | croobank the Demonspawn Fire Elementalist began the quest
                  | for the Orb.
     0 | D:1      | Reached XP level 1. HP: 13/13 MP: 3/3
   185 | D:1      | Found Taemuelo's Weapon Emporium.
   344 | D:1      | Found Logergh's Distillery.
   661 | D:1      | Gained mutation: You sometimes gain a little power by
                  | taking damage. [demonic ancestry]
   661 | D:1      | Reached XP level 2. HP: 14/19 MP: 1/5
   738 | D:1      | Learned a level 2 spell: Scorch
   881 | D:1      | Noticed an animated plate armour
   882 | D:1      | Found Tehyskuv's Armour Boutique.
   882 | D:1      | Noticed an animated plate armour
  1200 | D:2      | Reached XP level 3. HP: 25/25 MP: 1/6
  1454 | D:3      | Found an opulent altar of Gozag.
  1465 | D:3      | Became a worshipper of Gozag Ym Sagoz the Greedy
  1572 | D:3      | Found a broken altar of Ashenzari.
  1594 | D:3      | Reached skill level 1 in Fighting
  1594 | D:3      | Reached skill level 3 in Fire Magic
  1608 | D:3      | HP: 1/26 [poisoned by an adder]
  1610 | D:3      | Succumbed to an adder's poison

Illustrated notes

Levels and vault maps discovered:
D:1:      minmay_arrival_glassed_features, layout_loops_ring, serial_shops,
          nicolae_shop_tiny_statue_garden, nicolae_shop_mannequins,
          nicolae_shop_bloodbath_and_beyond, minmay_tripent
D:2:      layout_basic, shapermc_ecumenical_altar_petra
D:3:      layout_basic, nicolae_overflow_hidden_temple,
          mainiacjoe_overflow_boulevard,
          nicolae_gozag_cash_rules_everything_around_me

Skill      XL: |  1  2  3 |
---------------+----------+-----
Stealth        | 2 |  2.3
Dodging        | 2 |  2.2
Fighting       | 1 |  1.0
Fire Magic     | 3 |  3.0
Spellcasting   | |  2.3
Conjurations   | |  1.7

Action                     || total
---------------------------++-------
  Melee: Hand axe          ||    23
         Unarmed           ||     1
         Punch             ||     1
         Short sword       ||     8
   Cast: Foxfire           ||    37
         Scorch            ||     6
    Use: Scroll            ||     4
         Potion            ||     3
   Stab: Sleeping          ||     1
 Armour: Robe              ||    11
  Dodge: Dodged            ||    50
